 Dungeon Crawl Stone Soup version 0.21-a0-344-g2144152 (webtiles) character file.

104 qqqbard the Chopper (level 4, -4/38 HPs)
             Began as a Hill Orc Gladiator on Oct 4, 2017.
             Killed from afar by an orc wizard (12 damage)
             ... with a puff of frost
             ... on level 3 of the Dungeon.
             The game lasted 00:02:24 (1849 turns).

qqqbard the Chopper (Hill Orc Gladiator)            Turns: 1849, Time: 00:02:25

Health: -4/38      AC:  4    Str: 17    XL:     4   Next: 80%
Magic:  4/4        EV: 12    Int:  8    God:
Gold:   59         SH:  0    Dex: 12    Spells: 3/3 levels left

rFire    . . .     SeeInvis .   a - +0 war axe
rCold    . . .     Gourm    .   (no shield)
rNeg     . . .     Faith    .   b - +0 leather armour
rPois    .         Spirit   .   c - +0 helmet
rElec    .         Reflect  .   (no cloak)
rCorr    .         Harm     .   (no gloves)
MR       .....                  (no boots)
Stlth    +.........             (no amulet)
HPRegen  0.12/turn              (no ring)
MPRegen  0.09/turn              (no ring)

@: no status effects
A: no striking features
a: no special abilities


You were on level 3 of the Dungeon.
You were very hungry.

You visited 1 branch of the dungeon, and saw 3 of its levels.

You collected 59 gold pieces.

Inventory:

Hand Weapons
 a - a +0 war axe (weapon)
Missiles
 d - 3 throwing nets (quivered)
Armour
 b - a +0 leather armour (worn)
 c - a +0 helmet (worn)
Jewellery
 e - a +3 ring of strength {unknown}
Scrolls
 j - a scroll of amnesia {unknown}
 k - 2 scrolls of identify {unknown}
 m - a scroll of recharging {unknown}
 n - a scroll of remove curse {unknown}
Potions
 h - a potion of might {unknown}
 l - a potion of haste {unknown}
Comestibles
 f - 3 bread rations
 g - 3 fruits
 i - a royal jelly


   Skills:
 + Level 3.3 Fighting
 * Level 5.5 Axes
 - Level 1.7 Throwing
 + Level 1.7 Armour
 + Level 2.9 Dodging


You had 3 spell levels left.
You didn't know any spells.

Dungeon Overview and Level Annotations

Branches:
Dungeon (3/15)

Altars:


Message History

The orc wizard seems to speed up.
You completely miss the orc wizard.
The orc wizard is severely wounded.
The orc wizard hits you with a dagger.
The orc wizard hits you but does no damage.
You closely miss the orc wizard.
The orc wizard is severely wounded.
The orc wizard hits you but does no damage.
The orc wizard closely misses you.
You barely miss the orc wizard.
The orc wizard is severely wounded.
The orc wizard gestures at you while chanting.
The magic dart hits you!
* * * LOW HITPOINT WARNING * * *
You hit the orc wizard.
The orc wizard is almost dead.
The orc wizard hits you but does no damage.
The orc wizard points at you and mumbles some strange words.
The puff of frost hits you!
You die...

### #@# #o#
#o# #s# #.#
#.# #.# #'#
#.............


You could see an orc wizard, an orc and a giant cockroach.

Vanquished Creatures
  Terence (D:3)
  3 adders
  An ooze (D:2)
  A worm (D:2)
  2 dart slugs (D:1)
  An orc (D:2)
  2 ball pythons (D:2)
  6 goblins
  3 hobgoblins
  8 kobolds
  A quokka (D:2)
  6 bats
  6 rats
41 creatures vanquished.

Notes
Turn   | Place    | Note
-------+----------+-------------------------------------------
     0 | D:1      | qqqbard the Hill Orc Gladiator began the quest for the Orb.
     0 | D:1      | Reached XP level 1. HP: 18/18 MP: 1/1
   244 | D:1      | Reached XP level 2. HP: 21/25 MP: 2/2
   543 | D:1      | Reached skill level 1 in Armour
   713 | D:2      | Reached XP level 3. HP: 25/30 MP: 3/3
   922 | D:2      | Reached skill level 5 in Axes
   979 | D:2      | Reached XP level 4. HP: 19/38 MP: 4/4
  1617 | D:3      | Noticed Terence
  1842 | D:3      | Killed Terence
  1849 | D:3      | Killed from afar by an orc wizard

Vault maps used:
D:1:      dpeg_arrival_castle
D:3:      serial_bayou_pond_e, uniq_terence, uniq_robin

Skill      XL: |  1  2  3 |
---------------+----------+-----
Armour         | 1 |  1.7
Fighting       | 3 |  3.3
Axes           | 5 |  5.5
Throwing       | |  1.7
Dodging        | |  2.9

Action                   |  1- 3 |  4- 6 || total
-------------------------+-------+-------++-------
Melee: War axe           |   116 |    34 ||   150
  Eat: Chunk             |       |     2 ||     2
Armor: Leather armour    |    56 |     5 ||    61
Dodge: Dodged            |   110 |    20 ||   130

Table legend:
 A = Spawn XP
 B = Non-spawn XP
 C = Spawn XP percentage of total XP
 D = Spawn monster count
 E = Non-spawn monster count
 F = Spawn count percentage of total count
 G = Total turns spent on level
                    A         B        C        D         E        F      G
               +---------+---------+-------+---------+---------+-------+---------
         Total |       0 |     149 |   0.0 |       0 |      41 |   0.0 |  1849
               +---------+---------+-------+---------+---------+-------+---------
           D:1 |       0 |      33 |   0.0 |       0 |      20 |   0.0 |   702
           D:2 |       0 |      67 |   0.0 |       0 |      19 |   0.0 |  1103
           D:3 |       0 |      49 |   0.0 |       0 |       2 |   0.0 |    44
               +---------+---------+-------+---------+---------+-------+---------
